AoeStats
← Křovák

Arena

505186569Analyzed
1v1 RM · 25d ago on Sep 8, 2026· 48m 44s· 2 players
Game mode
Random Map
Map size
Tiny (2 player)
Population
200
Speed
Normal
Resources
Standard
Victory
Conquest
Starting age
Dark Age
Ending age
Imperial Age
RankedLock teamsTeams togetherTeam positionsShared explorationLock speedFull tech treeHidden civsTurbo modeCheats
Victory
Defeat
🇨🇳 Jurchens · China
784
+19
🇨🇿 Malians · Czechia
852
-19
TOUSAKI
12:04 Feudal Age
12:37 Horse Collar
17:24 Castle Age
15:45 Double-Bit Axe
16:37 Gold Mining
18:43 Stone Mining
19:19 Heavy Plow
19:32 Bow Saw
21:32 Pikeman
30:20 Imperial Age
30:20 Wheelbarrow
32:49 Hand Cart
32:17 Heavy Rocket Cart
33:29 Ballistics
34:09 Chemistry
33:08 Fletching
33:28 Forging
33:19 Scale Mail Armor
37:29 Iron Casting
37:10 Chain Mail Armor
37:35 Fortified Bastions
38:44 Light Cavalry
39:35 Bloodlines
42:53 Halberdier
44:55 Hussar
46:59 Squires
47:20 Bodkin Arrow
48:26 Blast Furnace
47:31 Scale Barding Armor
Křovák
7:24 Loom
8:44 Loom
11:40 Feudal Age
16:08 Castle Age
13:58 Double-Bit Axe
14:28 Horse Collar
19:37 Bow Saw
21:17 Heavy Plow
26:45 Fletching
27:34 Gold Mining
32:30 Imperial Age
29:46 Town Watch
30:28 Ballistics
31:18 Bodkin Arrow
34:30 Chemistry
33:59 Scale Barding Armor
34:57 Murder Holes
Connection lost

Rejoining the realm…

Still unreachable

The connection could not be restored.

Session expired

The server has moved on; the page needs a fresh start.